 Dungeon Crawl Stone Soup version 0.20.1-1-g8b1a95d (webtiles) character file.

3896 Kingsmith the Thaumaturge (level 10, -4/56 HPs)
             Began as a Deep Elf Fire Elementalist on Dec 8, 2017.
             Was a Follower of Vehumet.
             Slain by Grum
             ... wielding a -1 glaive
              (19 damage)
             ... on level 9 of the Dungeon.
             The game lasted 00:36:56 (8932 turns).

Kingsmith the Thaumaturge (DEFE)                    Turns: 8932, Time: 00:36:57

Health: -4/56      AC:  4    Str:  7    XL:     10   Next: 0%
Magic:  20/28      EV: 12    Int: 22    God:    Vehumet [*.....]
Gold:   212        SH:  3    Dex: 15    Spells: 15/33 levels left

rFire    . . .     SeeInvis .   E - +9 trident "Giant's Regret" {drain, rC+}
rCold    + . .     Gourm    .   v - +0 buckler
rNeg     . . .     Faith    .   a - +0 robe
rPois    .         Spirit   .   (no helmet)
rElec    .         Reflect  .   (no cloak)
rCorr    .         Harm     .   p - +1 pair of gloves
MR       +....                  (no boots)
Stlth    ++........             A - amulet of magic regeneration
Regen    0.2/turn               (no ring)
MPRegen  0.4/turn               (no ring)

@: very slightly contaminated, invisible
A: no striking features
a: Renounce Religion


You were on level 9 of the Dungeon.
You worshipped Vehumet.
Vehumet was aware of your devotion.
You were not hungry.

You visited 2 branches of the dungeon, and saw 10 of its levels.

You collected 429 gold pieces.
You spent 217 gold pieces at shops.

Inventory:

Hand Weapons
 E - the +9 trident "Giant's Regret" (weapon) {drain, rC+}
   (You found it on level 5 of the Dungeon)

   A truly terrible weapon, it drains the life of those it strikes.
   It protects you from cold.
Armour
 a - a +0 robe (worn)
 p - a +1 pair of gloves (worn)
 v - a +0 buckler (worn)
Jewellery
 A - an amulet of magic regeneration (around neck)
Wands
 l - a wand of flame (28/48)
 B - a wand of lightning (15/15)
Scrolls
 e - a scroll of teleportation
 f - 2 scrolls of recharging
 g - a scroll of magic mapping
 o - 2 scrolls of enchant armour
 q - a scroll of fog {unknown}
 r - 9 scrolls of remove curse
 y - a scroll of enchant weapon {unknown}
Potions
 h - 3 potions of curing
 i - 2 potions of lignification
 k - a potion of might
 n - a potion of brilliance
 t - 3 potions of heal wounds
 u - 2 potions of agility
 w - a potion of resistance {unknown}
 z - a potion of haste {unknown}
 C - a potion of magic {unknown}
 D - a potion of flight {unknown}
Books
 b - a book of Flames

   Spells                             Type                      Level
   a - Flame Tongue                   Conjuration/Fire             1
   b - Throw Flame                    Conjuration/Fire             2
   c - Conjure Flame                  Conjuration/Fire             3
   d - Inner Flame                    Hexes/Fire                   3
   e - Sticky Flame                   Conjuration/Fire             4
   f - Fireball                       Conjuration/Fire             5
Comestibles
 c - 7 bread rations
 d - 5 royal jellies
 j - 9 fruits
 m - 4 meat rations


   Skills:
 + Level 3.0 Fighting
 - Level 2.4 Dodging
 - Level 2.4 Stealth
 - Level 12.2 Spellcasting
 - Level 8.3 Conjurations
 - Level 8.3 Fire Magic


You had 15 spell levels left.
You knew the following spells:

 Your Spells              Type           Power        Failure   Level  Hunger
a - Flame Tongue          Conj/Fire      #####        1%          1    None
b - Throw Flame           Conj/Fire      ######       1%          2    None
c - Conjure Flame         Conj/Fire      ######..     1%          3    None
d - Inner Flame           Hex/Fire       ####....     4%          3    None
e - Sticky Flame          Conj/Fire      ######..     2%          4    None
f - Fireball              Conj/Fire      ######....   7%          5    ####...


Dungeon Overview and Level Annotations

Branches:
Dungeon (9/15)             Temple (1/1) D:7            Lair (0/6) D:8
    Orc: D:9-12

Altars:
Cheibriados
Dithmenos
Hepliaklqana
Kikubaaqudgha
Okawaru
Ru
Sif Muna
Trog
Uskayaw
Vehumet
Zin
The Shining One

Shops:
D:6 *

Annotations:
D:5 Flame Cloud protected area
D:6 Folque's ghost, novice OpWz
D:9 Grum


Message History

You kill the wolf!
Vehumet accepts your kill.
The wolf burns!
You block the wolf's attack.
A troll comes into view.
The wolf burns!
The wolf burns!
You kill the wolf!
Vehumet accepts your kill.
Your Fighting skill increases to level 3!
You have reached level 10!
Casting: Sticky Flame
Confirm with . or Enter, or press ? or * to list all spells.
Okay, then.
Casting: Sticky Flame
Confirm with . or Enter, or press ? or * to list all spells.
Aiming: Conjure Flame
Press: ? - help, Dir - move target cursor The fire ignites!
Grum is engulfed in blazing flames.
Grum hits you from afar with a glaive!!
You die...

..# .##..# ..#
#..# .. ..# ..#
###+####... ..
.# ###
#.........# #. #
#..<......#
#.........#
#.#######.# +.#
#.# #.#######@#
#......g..#
............####
#.........#.#
#......=..#.#
T...........+
###+#########


You could see Grum.

Vanquished Creatures
  Pikel (D:4)
  A hornet (D:8)
  A hippogriff (D:8)
  Sigmund (D:5)
  An ice beast (D:7)
  2 sky beasts
  2 wolves (D:9)
  A slave (D:4)
  A phantom (D:8)
  2 centaurs
  3 ogres
  A crocodile (D:9)
  A big kobold (D:7)
  4 bullfrogs
  A water moccasin skeleton (D:8)
  3 scorpions
  A killer bee (D:8)
  A howler monkey (D:6)
  3 wights (D:8)
  2 crimson imps
  A bullfrog zombie (D:8)
  A centaur zombie (D:8)
  A quasit (D:7)
  4 orc priests
  A hound (D:8)
  A jelly (D:7)
  6 iguanas
  6 orc wizards
  6 worker ants
  A hound zombie (D:8)
  A hound skeleton (D:3)
  A howler monkey skeleton (D:4)
  8 gnolls
  8 adders
  A shadow imp (D:5)
  3 oozes
  3 worms
  2 dart slugs (D:2)
  4 leopard geckos
  36 orcs
  3 giant cockroaches
  9 goblins
  16 hobgoblins
  13 jackals
  12 kobolds
  3 quokkas
  2 bats (D:3)
  4 frilled lizards
  A leopard gecko skeleton (D:4)
  A quokka skeleton (D:5)
  13 rats
205 creatures vanquished.

Vanquished Creatures (others)
  A dart slug (D:5)
  A jackal skeleton (D:5)
2 creatures vanquished.

Grand Total: 207 creatures vanquished

Notes
Turn   | Place    | Note
-------+----------+-------------------------------------------
     0 | D:1      | Kingsmith the Deep Elf Fire Elementalist began the quest for the Orb.
     0 | D:1      | Reached XP level 1. HP: 10/10 MP: 6/6
   609 | D:2      | Found a snail-covered altar of Cheibriados.
   613 | D:2      | Reached skill level 4 in Spellcasting
   613 | D:2      | Reached XP level 2. HP: 15/15 MP: 3/9
   617 | D:2      | Learned a level 2 spell: Throw Flame
   959 | D:2      | Reached skill level 5 in Spellcasting
   959 | D:2      | Reached XP level 3. HP: 12/19 MP: 2/11
  1501 | D:2      | Found a hazy altar of Hepliaklqana.
  1604 | D:2      | Found a sacrificial altar of Ru.
  1638 | D:2      | Reached XP level 4. HP: 24/24 MP: 10/13
  1695 | D:2      | Reached skill level 6 in Spellcasting
  1703 | D:2      | Learned a level 3 spell: Conjure Flame
  1708 | D:2      | Learned a level 4 spell: Sticky Flame
  1966 | D:3      | Found a faded altar of an unknown god.
  2220 | D:3      | Reached XP level 5. HP: 27/28 MP: 0/15
  2856 | D:3      | Found a bloodstained altar of Trog.
  2984 | D:4      | Reached XP level 6. HP: 32/32 MP: 3/17
  2987 | D:4      | Reached skill level 5 in Conjurations
  3172 | D:4      | Learned a level 5 spell: Fireball
  3537 | D:4      | Reached skill level 5 in Fire Magic
  3549 | D:4      | Noticed a slave
  3619 | D:4      | Killed a slave
  3666 | D:4      | Noticed Pikel
  3673 | D:4      | Noticed a slave
  3676 | D:4      | Killed Pikel
  3676 | D:4      | Reached XP level 7. HP: 7/36 MP: 3/18
  4008 | D:5      | Entered Level 5 of the Dungeon
  4014 | D:4      | Reached XP level 8. HP: 41/41 MP: 14/19
  4146 | D:5      | Noticed Sigmund
  4170 | D:5      | Killed Sigmund
  4640 | D:5      | Found a glowing silver altar of Zin.
  4640 | D:5      | Noticed an angel
  4884 | D:5      | Found an iron altar of Okawaru.
  5130 | D:5      | Got a jewelled trident
  5172 | D:5      | Identified the +9 trident "Giant's Regret" {drain, rC+} (You found it on level 5 of the Dungeon)
  5626 | D:6      | Found Qemm's Assorted Antiques.
  5634 | D:6      | Bought a thin silver amulet for 155 gold pieces
  5634 | D:6      | Bought a scroll of identify for 62 gold pieces
  5643 | D:6      | Noticed Folque's ghost (novice OpWz)
  5872 | D:7      | Found an ancient bone altar of Kikubaaqudgha.
  6022 | D:7      | Reached skill level 7 in Spellcasting
  6092 | D:7      | Found a snail-covered altar of Cheibriados.
  6410 | D:7      | Found a shadowy altar of Dithmenos.
  6517 | D:7      | Reached skill level 8 in Spellcasting
  6517 | D:7      | Reached XP level 9. HP: 45/45 MP: 14/23
  6678 | D:7      | Found a staircase to the Ecumenical Temple.
  6826 | Temple   | Entered the Ecumenical Temple
  6837 | Temple   | Became a worshipper of Vehumet
  7143 | D:8      | Reached skill level 9 in Spellcasting
  7252 | D:8      | Reached skill level 10 in Spellcasting
  7403 | D:8      | Learned a level 3 spell: Inner Flame
  7550 | D:8      | Reached skill level 11 in Spellcasting
  7583 | D:8      | Reached * piety under Vehumet
  7583 | D:8      | Offered knowledge of Sandblast by Vehumet.
  7822 | D:8      | Reached skill level 12 in Spellcasting
  8282 | D:8      | Reached skill level 1 in Fighting
  8581 | D:8      | Found a staircase to the Lair.
  8622 | D:9      | Noticed Grum
  8924 | D:9      | Noticed a troll
  8925 | D:9      | Reached XP level 10. HP: 14/56 MP: 20/28
  8932 | D:9      | Slain by Grum

Skill      XL: |  1  2  3  4  5  6  7  8  9 |
---------------+----------------------------+-----
Spellcasting   | 4 5 6 8 12 | 12.2
Conjurations   | 2 4 5 8 |  8.3
Fire Magic     | 7 8 |  8.3
Fighting       | 3 |  3.0
Dodging        | |  2.4
Stealth        | |  2.4

Action                   |  1- 3 |  4- 6 |  7- 9 | 10-12 || total
-------------------------+-------+-------+-------+-------++-------
Melee: Unarmed           |     5 |     6 |       |       ||    11
       Mace              |       |     3 |       |       ||     3
       Trident           |       |       |    99 |       ||    99
       Whip              |       |       |     3 |       ||     3
 Cast: Flame Tongue      |    51 |    91 |   114 |       ||   256
       Throw Flame       |    12 |    40 |    69 |       ||   121
       Sticky Flame      |       |     2 |    29 |       ||    31
       Conjure Flame     |       |     5 |     1 |     1 ||     7
       Fireball          |       |       |     4 |       ||     4
  Use: Potion            |     2 |       |     1 |       ||     3
       Scroll            |     1 |       |    14 |       ||    15
 Stab: Sleeping          |       |       |     2 |       ||     2
  Eat: Chunk             |     2 |     7 |    16 |       ||    25
       Fruit             |       |       |     2 |       ||     2
Armor: Skin              |    13 |       |       |       ||    13
       Robe              |     1 |     3 |    34 |       ||    38
Dodge: Dodged            |    14 |    27 |   102 |       ||   143
Block: Buckler           |       |       |     7 |       ||     7
